 Dungeon Crawl Stone Soup version 0.17-a0-1485-g22cb0ee (webtiles) character file.

116 urechis the Ruffian (level 4, -1/44 HPs)
             Began as a Troll Monk on July 5, 2015.
             Slain by a gnoll
             ... wielding a +0 halberd
              (12 damage)
             ... on level 3 of the Dungeon.
             The game lasted 00:01:43 (1288 turns).

urechis the Ruffian (Troll Monk)                    Turns: 1288, Time: 00:01:43

Health: -1/44      AC:  5    Str: 19    XL:     4   Next: 69%
Magic:  3/3        EV: 10    Int:  6    God:
Gold:   111        SH:  0    Dex: 13    Spells: 0 memorised, 3 levels left

rFire  . . .     SeeInvis .       - Unarmed
rCold  . . .     Clarity  .     a - +0 robe
rNeg   . . .     SustAt   .     (no shield)
rPois  .         Gourm    +     (helmet restricted)
rElec  .         Spirit   .     (no cloak)
rCorr  .         Warding  .     (gloves unavailable)
rMut   .         Stasis   .     (boots unavailable)
MR     .....                    (no amulet)
Stlth  +.........               (no ring)
                                (no ring)

@: not resistant to hostile enchantments, very unstealthy
A: unfitting armour, claws 3, fast metabolism 3, gourmand, regeneration 2,
shaggy fur 1, tough skin 2
a: no special abilities


You were on level 3 of the Dungeon.
You were very full.

You visited 1 branch of the dungeon, and saw 3 of its levels.

You collected 111 gold pieces.

Inventory:

Armour
 a - a +0 robe (worn)
Jewellery
 l - a +3 ring of strength {unknown}
Scrolls
 c - a scroll of noise {unknown}
 d - 3 scrolls of magic mapping {unknown}
 e - a scroll of enchant weapon {unknown}
 f - a scroll of remove curse {unknown}
 h - 3 scrolls of identify {unknown}
 i - a scroll of fear {unknown}
 o - a scroll of recharging {unknown}
 p - a scroll of immolation {unknown}
Potions
 g - a potion of lignification {unknown}
 j - a potion of flight {unknown}
 m - a potion of haste {unknown}
 n - a potion of poison {unknown}
Comestibles
 b - 4 bread rations
 k - a meat ration


   Skills:
 - Level 2.4 Fighting
 - Level 2.4 Dodging
 - Level 1.1 Stealth
 + Level 6.1 Unarmed Combat


You had 3 spell levels left.
You didn't know any spells.

Dungeon Overview and Level Annotations

Branches:
Dungeon (3/15)

Altars:


Innate Abilities, Weirdness & Mutations

You are too large for most types of armour.
You have claws for hands.
Your metabolism is lightning-fast.
You like to eat raw meat.
You heal very quickly.
You are covered in fur (AC +1).
You have very tough skin (AC +2).


Message History

You are too injured to fight recklessly!
You are too injured to fight recklessly!
You are too injured to fight recklessly!
You scratch the gnoll but do no damage.
The gnoll is lightly wounded.
The gnoll closely misses you. The gnoll barely misses you.
You scratch the gnoll.
The gnoll is heavily wounded.
The gnoll closely misses you.
You scratch the gnoll.
The gnoll is almost dead.
The gnoll closely misses you. The gnoll hits you.
* * * LOW HITPOINT WARNING * * *
You closely miss the gnoll.
The gnoll is almost dead.
The gnoll closely misses you. The gnoll misses you.
You claw the gnoll!
You kill the gnoll!
The gnoll hits you from afar with a halberd!
You die...

........ .. ........# #.#
......#.##.. .........gg
.........g ....#...# ..#..g.#
#.#...#### ... #.#.#)g†@#
.##..# #...####.# ......
##... ###.#######
......##...###.........#
....................†..#
...............).......######
............#########.......#
............# #.......#
.#....<†#### #......(#


You could see a gnoll.

Vanquished Creatures
  3 gnolls (D:3)
  4 adders (D:2)
  An ooze (D:2)
  A worm (D:2)
  A giant gecko (D:3)
  7 bats
  4 giant cockroaches
  4 hobgoblins
  4 jackals (D:2)
  5 kobolds
  A quokka (D:2)
  A ball python (D:1)
  2 giant newts (D:2)
  4 goblins
  3 rats
45 creatures vanquished.

Notes
Turn   | Place    | Note
--------------------------------------------------------------
     0 | D:1      | urechis the Troll Monk began the quest for the Orb.
     0 | D:1      | Reached XP level 1. HP: 22/22 MP: 0/0
   461 | D:1      | Reached XP level 2. HP: 29/29 MP: 1/1
   623 | D:2      | Reached skill level 5 in Unarmed Combat
   623 | D:2      | Reached XP level 3. HP: 36/36 MP: 2/2
  1006 | D:2      | Reached XP level 4. HP: 35/44 MP: 3/3
  1280 | D:3      | Reached skill level 6 in Unarmed Combat
  1288 | D:3      | Slain by a gnoll

Vault maps used:
D:1:      lordsloth_arrival_two_stooges, serial_glass, glass_columns_a,
          glass_columns_b
D:2:      first_bread, kennysheep_generic_room_12
D:3:      makhleb_grotto_becter, uniq_robin

Action                   |  1- 3 |  4- 6 || total
-------------------------+-------+-------++-------
Melee: Unarmed           |    79 |    41 ||   120
 Stab: Sleeping          |     3 |     2 ||     5
  Eat: Chunk             |    15 |       ||    15
